 Dungeon Crawl Stone Soup version 0.30-a0-292-g0f741e3f8e (webtiles) character file.

Game seed: 10302620672440810397

33 NinjaNoafa the Sneak (level 3, 0/16 HPs)
             Began as a Spriggan Enchanter on Oct 18, 2022.
             Slain by a worm (4 damage)
             ... on level 2 of the Dungeon.
             The game lasted 00:03:38 (827 turns).

NinjaNoafa the Sneak (Spriggan Enchanter)            Turns: 827, Time: 00:03:39

Health: 0/16       AC:  2    Str:  4    XL:     3   Next: 12%
Magic:  8/8        EV: 18    Int: 16    God:
Gold:   49         SH:  0    Dex: 17    Spells: 7/7 levels left

rFire   . . .      SeeInvis +    a - +1 dagger
rCold   . . .      Faith    .    (no shield)
rNeg    . . .      Spirit   .    b - +0 robe
rPois   .          Reflect  .    (helmet restricted)
rElec   .          Harm     .    (no cloak)
rCorr   .          Rampage  .    (gloves unavailable)
Will    .....                    (boots unavailable)
Stlth   +++.......               (no amulet)
HPRegen 0.22/turn                (no ring)
MPRegen 0.11/turn                (no ring)

@: brilliant, invisible, very quick
A: very small, no large weapons, unfitting armour, see invisible, speed 3
a: no special abilities


You were on level 2 of the Dungeon.
You visited 1 branch of the dungeon, and saw 2 of its levels.

You collected 49 gold pieces.

Inventory:

Hand Weapons
 a - a +1 dagger (weapon)
Armour
 b - a +0 robe (worn)
Scrolls
 d - a scroll of fear {unknown}
 e - a scroll of identify {unknown}
Potions
 c - a potion of invisibility


   Skills:
 * Level 2.3 Short Blades
 - Level 3.0 Dodging
 + Level 5.1 Stealth
 - Level 2.6 Spellcasting
 + Level 4.0 Hexes


You had 7 spell levels left.
You didn't know any spells.
Your spell library contained the following spells:

 Spells                   Type           Power      Damage    Failure   Level
 Confusing Touch          Hex            22%        N/A       11%         3
 Tukima's Dance           Hex            22%        N/A       11%         3
 Ensorcelled Hibernation  Hex/Ice        24%        N/A       13%         2
 Apportation              Tloc           6%         N/A       19%         1
 Dazzling Flash           Conj/Hex       24%        N/A       26%         3
 Alistair's Intoxication  Tmut/Pois      2%         N/A       99%         5


Dungeon Overview and Level Annotations

Branches:
Dungeon (2/15)

Altars:


Innate Abilities, Weirdness & Mutations

You are very small and have problems with some larger weapons.
You are too small for most types of armour.
You have supernaturally acute eyesight. (SInv)
You cover ground extremely quickly. (Speed+++)


Message History

The worm is severely wounded.
The bat barely misses you.
You hit the worm.
The worm is almost dead.
The bat misses you. The worm bites you.
* * * LOW HITPOINT WARNING * * *
You barely miss the worm.
The worm is severely wounded.
The bat misses you. The worm completely misses you.
It was a potion of brilliance.
You feel clever all of a sudden. The bat barely misses you.
You hit the worm.
The worm is severely wounded.
The bat barely misses you. The worm closely misses you.
You hit the worm but do no damage.
The worm is severely wounded.
The bat barely misses you. The bat completely misses you.
You completely miss the worm.
The worm is severely wounded.
The bat misses you. The worm misses you.
You barely miss the worm.
The worm is severely wounded.
The bat hits you but does no damage. The bat barely misses you.
A ball python comes into view.
The bat closely misses you. The worm barely misses you.
You hit the worm but do no damage.
The worm is heavily wounded.
The bat hits you but does no damage.
The ball python hisses angrily.
You hit the worm.
The worm is severely wounded.
The bat misses you. The worm bites you but does no damage.
You barely miss the worm.
The worm is severely wounded.
The bat hits you but does no damage.
You hit the worm.
The worm is almost dead.
The bat closely misses you. The worm bites you.
You die...

#. ##... ...
#.##..)# ....
####......##....
................
#.............
#.............
###......b......
#...........#>..
...##...w@.......
#.#...S..#...
...##.#.....##
..####.....#....
.. #..<.....#..##
#.................
#..#..#..###..###.
......#.## ....
#.#. #.. ##..


You could see a worm (unable to see you), a bat and a ball python (wandering,
unable to see you).

Vanquished Creatures
  A dart slug (D:1)
  3 ball pythons (D:1)
  An endoplasm (D:1)
  4 giant cockroaches (D:1)
  2 goblins (D:1)
  A hobgoblin (D:2)
  2 jackals (D:1)
  A kobold (D:1)
  7 bats (D:1)
  2 frilled lizards (D:1)
  4 rats (D:1)
28 creatures vanquished.

Notes
Turn   | Place    | Note
-------+----------+-------------------------------------------
     0 | D:1      | NinjaNoafa the Spriggan Enchanter began the quest for the
                  | Orb.
     0 | D:1      | Reached XP level 1. HP: 9/9 MP: 5/5
     6 | D:1      | Noticed a lindwurm
     7 | D:1      | Noticed a black mamba
     7 | D:1      | Noticed a six-headed hydra
   220 | D:1      | Reached XP level 2. HP: 12/13 MP: 6/6
   306 | D:1      | Reached skill level 5 in Stealth
   487 | D:1      | Reached XP level 3. HP: 10/16 MP: 8/8
   827 | D:2      | Slain by a worm

Illustrated notes

Levels and vault maps discovered:
D:1:      onia_arrival_zoo_common, layout_basic
D:2:      layout_rooms, basic_altar, minmay_misc_feat_more_columns

Skill      XL: |  1  2 |
---------------+-------+-----
Dodging        | 3 |  3.0
Stealth        | 5 |  5.1
Short Blades   | 2 |  2.3
Hexes          | 4 |  4.0
Spellcasting   | |  2.6

Action                   || total
-------------------------++-------
Melee: Dagger            ||   124
  Use: Potion            ||     2
 Stab: Sleeping          ||     7
Armor: Robe              ||    24
Dodge: Dodged            ||   161

Table legend: (Time is in decaauts)
 A = Elapsed time spent in this place.
 B = Non-inter-level travel time spent in this place.
 C = Inter-level travel time spent in this place.
 D = Time resting spent in this place.
 E = Time spent auto-exploring this place.
 F = Levels seen in this place.
 G = Mean time per level.
                   A        B        C        D        E       F      G
               +--------+--------+--------+--------+--------+-----+--------+
         Total |    556 |    551 |      5 |      0 |    323 |   2 |  278.0 |
       Dungeon |    556 |    551 |      5 |      0 |    323 |   2 |  278.0 |
               +--------+--------+--------+--------+--------+-----+--------+

Top non-repeatable levels by time:
     D:1: 526 daAuts
     D:2: 29 daAuts
